 Dungeon Crawl Stone Soup version 0.28-a0-519-gbfeecf2fc5 (webtiles) character file.

Game seed: 5475762060103606329

129 heikuro the Skirmisher (level 4, -1/41 HPs)
             Began as a Minotaur Fighter on Sept 24, 2021.
             Slain by an adder (4 damage)
             ... on level 3 of the Dungeon.
             The game lasted 00:03:10 (1511 turns).

heikuro the Skirmisher (Minotaur Fighter)           Turns: 1511, Time: 00:03:11

Health: -1/41      AC: 13    Str: 22    XL:     4   Next: 88%
Magic:  3/3        EV:  6    Int:  5    God:
Gold:   74         SH:  4    Dex:  9    Spells: 3/3 levels left

rFire   . . .      SeeInvis .   a - +0 war axe
rCold   + . .      Faith    .   c - +0 buckler
rNeg    . . .      Spirit   .   e - +0 plate armour
rPois   .          Reflect  .   (helmet restricted)
rElec   .          Harm     .   l - +0 cloak
rCorr   .          Rampage  .   (no gloves)
Will    .....                   (no boots)
Stlth   ..........              (no amulet)
HPRegen 0.13/turn               g - ring of protection from cold
MPRegen 0.08/turn               (no ring)

@: mighty
A: horns 2, retaliatory headbutt
a: no special abilities


You were on level 3 of the Dungeon.
You visited 1 branch of the dungeon, and saw 3 of its levels.

You collected 74 gold pieces.

Inventory:

Hand Weapons
 a - a +0 war axe (weapon)
Armour
 c - a +0 buckler (worn)
 e - a +0 plate armour (worn)
 l - a +0 cloak (worn)
Jewellery
 g - a ring of protection from cold (left hand)
Scrolls
 f - 2 scrolls of vulnerability {unknown}
 h - a scroll of fog {unknown}
 j - a scroll of teleportation {unknown}
 m - a scroll of noise {unknown}
Potions
 b - a potion of attraction {unknown}
 d - a potion of might
 i - a potion of invisibility {unknown}
 k - a potion of lignification {unknown}
 n - a potion of heal wounds {unknown}


   Skills:
 + Level 4.4 Fighting
 * Level 4.4 Axes
 + Level 4.4 Armour
 + Level 4.4 Shields


You had 3 spell levels left.
You didn't know any spells.
Your spell library was empty.

Dungeon Overview and Level Annotations

Branches:
Dungeon (3/15)

Altars:

Annotations:
D:3 Grinder


Innate Abilities, Weirdness & Mutations

You have a pair of horns on your head.
You reflexively headbutt those who attack you in melee.


Message History

Pain shoots through your body!
You can move again.
Unknown command. 3 ball pythons and an adder come into view.
The ball python hisses angrily.
The adder hisses angrily.
The ball python hisses angrily.
Grinder blinks!
The adder moves out of view.
Unknown command.
You feel very mighty all of a sudden.
The ball python bites you but does no damage.
The ball python grabs you. The ball python constricts you. Grinder hits you.
You writhe in agony.
You closely miss Grinder. Your headbutt misses Grinder.
You barely miss the ball python.
The ball python bites you but does no damage.
The ball python constricts you. Grinder gestures at you.
Pain shoots through your body!
* * * LOW HITPOINT WARNING * * *
You closely miss Grinder. You headbutt Grinder.
Grinder is lightly wounded.
You hit the ball python.
You kill the ball python!
Grinder grins, showing sharp teeth.
Grinder hits you but does no damage.
Unknown command.
You closely miss Grinder. Your headbutt misses Grinder.
Grinder is lightly wounded.
Your plate armour prevents you from hitting the ball python.
You block Grinder's attack.
Unknown command.
You barely miss Grinder.
Grinder is lightly wounded.
You barely miss the ball python. You barely miss the adder. Grinder hits you!
* * * LOW HITPOINT WARNING * * *
You writhe in agony.
* * * LOW HITPOINT WARNING * * *
The ball python bites you but does no damage.
You block the ball python's attack. The adder bites you.
You die...

#.##.#.# #.# #.##.#.#
#.# #.##.#.# ## #.#
#.##.#.# #.. #.#
#.##.#.# #... #.#
#.##.#.# # #.... #.#
#.#..#.# #
#.....#.####......######
#.....S@5.....).........
#..##PS###.........(....
##S ##............. ..
#............. P..
#............. ..#.
#............. ###..
#............. ##
##.............
#####..............


You could see Grinder, an adder and 2 ball pythons.

Vanquished Creatures
  Natasha (thrice) (D:2)
  An adder (D:2)
  A worm (D:2)
  A dart slug (D:1)
  10 ball pythons
  3 endoplasms
  A giant cockroach (D:2)
  5 goblins
  2 hobgoblins
  A jackal (D:2)
  3 kobolds
  5 bats
  3 frilled lizards
  2 rats
41 creatures vanquished.

Notes
Turn   | Place    | Note
-------+----------+-------------------------------------------
     0 | D:1      | heikuro the Minotaur Fighter began the quest for the Orb.
     0 | D:1      | Reached XP level 1. HP: 19/19 MP: 0/0
   320 | D:1      | Reached XP level 2. HP: 27/27 MP: 1/1
   350 | D:1      | Found a faded altar of an unknown god.
   682 | D:2      | Reached XP level 3. HP: 33/33 MP: 2/2
   870 | D:2      | Noticed Natasha
   885 | D:2      | Killed Natasha
  1152 | D:2      | Noticed Natasha
  1155 | D:2      | Reached XP level 4. HP: 40/40 MP: 3/3
  1161 | D:2      | Killed Natasha
  1192 | D:2      | Noticed Natasha
  1200 | D:2      | Killed Natasha
  1495 | D:3      | Noticed Grinder
  1503 | D:3      | Paralysed by Grinder for 3 turns
  1511 | D:3      | Slain by an adder

Illustrated notes

Levels and vault maps discovered:
D:1:      onia_arrival_pyramid, layout_basic, ebering_ecumenical_altar_ruins
D:2:      layout_rooms, minmay_tripent, uniq_natasha
D:3:      layout_basic, mainiacjoe_overflow_tiny_flanked,
          minmay_shallow_snake_nest, uniq_grinder

Skill      XL: |  1  2  3  4 |
---------------+-------------+-----
Axes           | 3 4 |  4.4
Fighting       | 4 |  4.4
Armour         | 4 |  4.4
Shields        | 4 |  4.4

Action                   |  1- 3 |  4- 6 || total
-------------------------+-------+-------++-------
Melee: War axe           |    71 |    25 ||    96
       Headbutt          |     6 |     8 ||    14
  Use: Potion            |       |     1 ||     1
Armor: Scale mail        |     6 |       ||     6
       Plate armour      |    61 |    22 ||    83
Dodge: Dodged            |    21 |    10 ||    31
Block: Buckler           |    18 |     5 ||    23

Table legend: (Time is in decaauts)
 A = Elapsed time spent in this place.
 B = Non-inter-level travel time spent in this place.
 C = Inter-level travel time spent in this place.
 D = Time resting spent in this place.
 E = Time spent auto-exploring this place.
 F = Levels seen in this place.
 G = Mean time per level.
                   A        B        C        D        E       F      G
               +--------+--------+--------+--------+--------+-----+--------+
         Total |   1543 |   1504 |     39 |    321 |    780 |   3 |  514.3 |
       Dungeon |   1543 |   1504 |     39 |    321 |    780 |   3 |  514.3 |
               +--------+--------+--------+--------+--------+-----+--------+

Top non-repeatable levels by time:
     D:2: 767 daAuts
     D:1: 661 daAuts
     D:3: 114 daAuts
